 Dungeon Crawl Stone Soup version 0.27.1-2-g3b301248ec (webtiles) character file.

Game seed: 527614454926537858

1370 Borgoz the Skirmisher (level 8, -3/51 HPs)
             Began as a Gargoyle Berserker on Sept 27, 2021.
             Was a Priest of Trog.
             Killed from afar by Dowan (16 damage)
             ... with a shard of ice
             ... on level 6 of the Dungeon.
             The game lasted 00:06:03 (6126 turns).

Borgoz the Skirmisher (Gargoyle Berserker)          Turns: 6126, Time: 00:06:03

Health: -3/51      AC: 16    Str: 23    XL:     8   Next: 65%
Magic:  8/8        EV:  9    Int:  8    God:    Trog [***...]
Gold:   304        SH:  0    Dex:  9    Spells: 7/7 levels left

rFire    + . .     SeeInvis .   a - +0 falchion
rCold    . . .     Faith    .   (no shield)
rNeg     + + .     Spirit   .   t - +0 chain mail
rPois    ∞         Reflect  .   (no helmet)
rElec    +         Harm     .   (no cloak)
rCorr    +         Rampage  .   k - +0 pair of gloves
Will     +++..     Clarity  +   (no boots)
Stlth    ..........             q - amulet of the Four Winds {rN+ Will+++ Clar}
HPRegen  0.17/turn              h - ring of protection from fire
MPRegen  0.11/turn              j - ring of resist corrosion

@: on berserk cooldown, slowed, very slow
A: sickness immunity, AC +5, negative energy resistance 1, electricity
resistance, torment resistance 1, petrification resistance
a: Renounce Religion, Berserk, Trog's Hand


You were on level 6 of the Dungeon.
You worshipped Trog.
Trog was most pleased with you.
You visited 1 branch of the dungeon, and saw 6 of its levels.

You collected 304 gold pieces.

Inventory:

Hand Weapons
 a - a +0 falchion (weapon)
Armour
 k - a +0 pair of gloves (worn)
 t - a +0 chain mail (worn)
Jewellery
 h - a ring of protection from fire (left hand)
 j - a ring of resist corrosion (right hand)
 m - a +6 ring of strength
 q - the amulet of the Four Winds (around neck) {rN+ Will+++ Clar}
   (You found it on level 4 of the Dungeon)

   [amulet of nothing]

   rN:        It protects you from negative energy.
   Clar:      It protects you against confusion.
   Will:      It greatly increases your willpower.
Wands
 s - a wand of mindburst (9)
 v - a wand of flame (18)
Scrolls
 b - a scroll of immolation {unknown}
 f - 2 scrolls of teleportation {unknown}
 i - a scroll of magic mapping {unknown}
 o - a scroll of noise {unknown}
 p - 2 scrolls of vulnerability {unknown}
 r - 2 scrolls of summoning {unknown}
Potions
 c - a potion of might
 d - a potion of berserk rage
 e - a potion of heal wounds
 g - a potion of attraction
 l - 7 potions of curing
 n - a potion of resistance
 u - a potion of mutation {unknown}
 w - 2 potions of flight {unknown}


   Skills:
 + Level 6.2 Fighting
 * Level 5.9 Long Blades
 + Level 5.8 Armour
 + Level 4.3 Dodging


You had 7 spell levels left.
You didn't know any spells.
Your spell library was empty.

Dungeon Overview and Level Annotations

Branches:
Dungeon (6/15)
 Temple: D:4-7

Altars:
Cheibriados
Nemelex Xobeh
Qazlal
Xom

Annotations:
D:6 Dowan


Innate Abilities, Weirdness & Mutations

You are immune to sickness and miasma.
Your stone body is resilient. (AC +5)
You are immune to poison.
You resist negative energy. (rN+)
You are resistant to electric shocks. (rElec)
You are resistant to unholy torment.
You are immune to petrification.


Message History

Dowan gestures wildly while chanting.
Dowan blinks!
The water moccasin zombie bites you. Dowan gestures at you while chanting.
The shard of ice hits you but does no damage.
The water moccasin zombie bites you but does no damage.
You hit the water moccasin zombie.
The water moccasin zombie is almost destroyed.
Dowan breathes, "And she was my only..."
The water moccasin zombie bites you but does no damage. x2
You slash the water moccasin zombie!
You destroy the water moccasin zombie!
Trog accepts your kill.
Dowan points at you and mumbles some strange words.
The shard of ice hits you!
* * * LOW HITPOINT WARNING * * *
You feel much better. Dowan hits you but does no damage. x2
Dowan mumbles some strange words.
Dowan blinks!
Dowan gestures wildly while chanting.
Dowan blinks!
Things that are here:
a +0 rapier; a +2 scale mail of willpower Dowan hits you but does no damage.
You slash Dowan!
Dowan is almost dead.
Dowan hits you but does no damage.
Dowan points at you and mumbles some strange words.
The stone arrow hits you. Dowan misses you.
You miss Dowan.
Dowan is almost dead.
Dowan misses you. Dowan casts a spell at you. The stone arrow hits you!
* * * LOW HITPOINT WARNING * * *
You miss Dowan.
Dowan is almost dead.
Dowan hits you but does no damage. Dowan casts a spell at you.
The shard of ice hits you!
You die...

#######..⌠.⌠##
#..........##
#.........#....
+.......).#....
#.........# ...
#.........# .. ####
##...##...#
##....##)..##...#
......e@........#
................#
..$................
..#................
# ####..##......##.
#..###....## #...
##..## #... ###


You could see Dowan (fast).

Vanquished Creatures
  Sigmund (D:2)
  Duvessa (D:6)
  A water moccasin (D:6)
  A black bear (D:5)
  A sky beast (D:6)
  A kobold brigand (D:6)
  2 scorpions
  A water moccasin zombie (D:6)
  A water moccasin skeleton (D:5)
  2 hounds
  A bullfrog skeleton (D:6)
  An iguana (D:6)
  4 orc wizards
  A scorpion zombie (D:3)
  4 hound zombies (D:3)
  10 adders
  A white imp (D:4)
  An ufetubus (D:4)
  An adder zombie (D:3)
  An adder skeleton (D:3)
  2 dart slugs
  A worm (D:4)
  12 orcs
  7 endoplasms
  9 giant cockroaches
  5 goblins
  7 hobgoblins
  16 jackals
  7 kobolds
  3 quokkas
  5 ball pythons
  3 bats
  5 frilled lizards
  A quokka skeleton (D:3)
  6 rats
126 creatures vanquished.

Notes
Turn   | Place    | Note
-------+----------+-------------------------------------------
     0 | D:1      | Borgoz the Gargoyle Berserker began the quest for the Orb.
     0 | D:1      | Reached XP level 1. HP: 14/14 MP: 1/1
   189 | D:1      | Reached XP level 2. HP: 17/19 MP: 2/2
   889 | D:1      | Reached XP level 3. HP: 23/23 MP: 3/3
  1001 | D:1      | Reached ** piety under Trog
  1421 | D:2      | Noticed Sigmund
  1679 | D:2      | Killed Sigmund
  1680 | D:2      | Reached skill level 4 in Fighting
  1680 | D:2      | Reached XP level 4. HP: 30/30 MP: 4/4
  1680 | D:2      | Reached XP level 5. HP: 34/34 MP: 5/5
  1890 | D:2      | Reached XP level 6. HP: 28/39 MP: 6/6
  2686 | D:3      | Found a snail-covered altar of Cheibriados.
  2776 | D:3      | Reached *** piety under Trog
  3769 | D:4      | Reached skill level 5 in Fighting
  3832 | D:4      | Reached XP level 7. HP: 44/44 MP: 7/7
  4291 | D:4      | Found the amulet of the Four Winds {rN+ Will+++ Clar}
  4596 | D:5      | Entered Level 5 of the Dungeon
  5010 | D:5      | Reached skill level 5 in Armour
  5191 | D:5      | Reached skill level 5 in Long Blades
  5258 | D:5      | Reached XP level 8. HP: 40/51 MP: 8/8
  5481 | D:5      | Found a shimmering altar of Xom.
  5504 | D:5      | Found a stormy altar of Qazlal.
  5765 | D:6      | Found a sparkling altar of Nemelex Xobeh.
  5796 | D:6      | Reached skill level 6 in Fighting
  6083 | D:6      | Noticed Duvessa
  6086 | D:6      | Noticed Dowan
  6105 | D:6      | Killed Duvessa
  6126 | D:6      | Killed from afar by Dowan

Illustrated notes

Levels and vault maps discovered:
D:1:      lemuel_arrival_river_bridge, layout_loops_cross,
          chequers_serial_rivers_room_a, hangedman_decor_lopped
D:2:      layout_rooms, uniq_sigmund
D:3:      layout_loops_corners, nicolae_overflow_crystal_walls, serial_undead,
          serial_undead_d, serial_undead_d, serial_undead_c, serial_undead_f
D:4:      layout_basic, st_stairs_2
D:5:      layout_layer_cave, kennysheep_mini_moat, lemuel_crystal_altar
D:6:      layout_gridville, nemelex_xobeh_ov_fountains_minmay,
          grunt_ministairs_12, minivault_19, uniq_duvessa

Skill      XL: |  1  2  3  4  5  6  7  8 |
---------------+-------------------------+-----
Long Blades    | 3 4 5 |  5.9
Dodging        | 2 3 4 |  4.3
Fighting       | 4 5 6 |  6.2
Armour         | 3 4 5 |  5.8

Action                   |  1- 3 |  4- 6 |  7- 9 || total
-------------------------+-------+-------+-------++-------
Melee: Falchion          |    95 |   215 |   237 ||   547
Invok: Berserk           |     1 |     1 |     6 ||     8
       Trog's Hand       |       |     1 |     2 ||     3
  Use: Scroll            |       |     7 |     1 ||     8
       Potion            |       |       |     2 ||     2
Armor: Animal skin       |    42 |    64 |       ||   106
       Ring mail         |       |    56 |    70 ||   126
       Chain mail        |       |       |   100 ||   100
Dodge: Dodged            |    85 |   153 |   106 ||   344
       Rpst.: Falchion   |    30 |    43 |    25 ||    98
